Map: Cosmic Sapphire

Players

Solar

  • Race: Zerg Zerg
  • League: Master
  • Spawn Location: 5:00

LiquidElazer (Elazer) - Winner!

  • Race: Zerg Zerg
  • Spawn Location: 11:00

Event: HomeStory Cup XXII

VOD

Have the link to the VOD?

Description

Time

  • Played on: Dec. 17, 2022, 6:04 a.m.
  • Length: 10:07

All games in this series

Show
View Real Time Build Order
Export as new Build Order

Solar Zerg 

Build Orders: Hatch First 

Get SALT Encoding   

  12  0:00  Drone  
  13  0:12  Overlord  
  13  0:17  Drone  
  14  0:31  Drone x2  
  16  0:47  Hatchery  
  15  0:50  Drone  
  15  0:53  Drone  
  15  0:56  Drone  
  18  1:07  Extractor  
  17  1:12  Spawning Pool  
  17  1:15  Drone  
  17  1:18  Drone  
  18  1:27  Drone  
  19  1:38  Drone  
  20  1:49  Drone  
  21  1:58  Queen  
  21  1:59  Zergling x2, Queen  
  21  2:00  Overlord  
  26  2:10  Drone  
  26  2:11  Metabolic Boost, Drone  
  28  2:23  Drone x2  
  30  2:33  Hatchery  
  29  2:38  Queen  
  29  2:41  Drone  
  32  2:49  Baneling Nest  
  32  2:50  Zergling x2  
  32  2:53  Overlord  
  32  2:58  Drone x2  
  34  3:00  Drone  
  35  3:05  Zergling x2  
  35  3:12  Zergling x8  
  40  3:16  Zergling x2  
  40  3:17  Zergling x2  
  40  3:18  Drone  
  43  3:23  Overlord  
  43  3:31  Drone  
  43  3:32  Overlord  
  44  3:37  Baneling x3  
  44  3:40  Baneling  
  44  3:42  Zergling x8  
  44  3:45  Drone  
  44  3:46  Zergling x2  
  50  3:50  Drone  
  50  3:54  Overlord  
  51  3:56  Drone  
  51  3:58  Drone  
  51  3:59  Drone  
  54  4:03  Drone  
  54  4:04  Drone  
  55  4:13  Zergling x2  
  55  4:14  Zergling x10  
  55  4:16  Drone x2  
  56  4:24  Roach Warren  
  56  4:26  Extractor  
  56  4:27  Drone x2  
  56  4:30  Overlord  
  53  4:40  Zergling x10  
  53  4:43  Overlord  
  58  4:45  Drone  
  58  4:46  Drone, Extractor  
  58  4:48  Drone  
  60  4:53  Drone  
  60  4:56  Drone  
  60  4:58  Baneling x2, Drone  
  62  5:00  Drone  
  62  5:01  Drone  
  62  5:04  Roach x3  
  70  5:09  Baneling  
  70  5:11  Roach x2  
  74  5:19  Drone x2, Evolution Chamber  
  74  5:21  Drone  
  76  5:22  Drone  
  76  5:24  Lair  
  76  5:25  Drone  
  78  5:30  Drone  
  78  5:31  Drone x2  
  78  5:32  Drone  
  78  5:34  Drone x2  
  78  5:35  Drone  
  82  5:36  Drone  
  82  5:38  Drone  
  82  5:41  Extractor  
  82  5:42  Overlord  
  82  5:43  Extractor  
  82  5:44  Drone  
  82  5:47  Drone  
  82  5:48  Drone  
  82  5:49  Drone x2  
  83  5:53  Overlord  
  83  5:56  Zerg Missile Weapons Level 1  
  81  5:58  Extractor  
  81  5:59  Drone x2  
  82  6:05  Roach, Overlord  
  82  6:10  Drone  
  85  6:11  Drone  
  85  6:12  Roach x2  
  92  6:18  Drone x2  
  92  6:19  Roach  
  92  6:20  Roach x3  
  92  6:22  Glial Reconstitution  
  100  6:27  Spire  
  100  6:29  Overlord  
  100  6:31  Overseer  
  100  6:32  Overlord  
  99  6:33  Roach  
  99  6:39  Drone  
  100  6:40  Drone  
  100  6:47  Roach x3  
  100  6:48  Roach  
  100  6:53  Overlord  
  108  6:54  Hatchery, Roach x2  
  108  6:59  Overlord x2  
  111  7:02  Roach x2  
  111  7:03  Roach  
  111  7:05  Overlord  
  117  7:09  Overlord  
  117  7:11  Baneling  
  117  7:13  Roach x3  
  117  7:15  Overlord  
  123  7:18  Roach x2  
  127  7:23  Overlord  
  127  7:40  Corruptor x6  
  138  7:45  Corruptor  
  138  7:46  Baneling  
  138  7:47  Corruptor  
  138  7:50  Corruptor  
  144  7:54  Corruptor  
  144  7:57  Roach x2  
  150  8:04  Roach x4  
  158  8:06  Overlord  
  158  8:08  Roach  
  158  8:10  Roach  
  162  8:13  Roach x2  
  162  8:14  Roach  
  162  8:19  Queen  
  170  8:21  Roach x2  
  170  8:25  Roach x2  
  178  8:29  Overlord  
  178  8:30  Roach x2  
  184  8:34  Roach x2  
  186  8:42  Roach x2  
  186  8:45  Overlord  
  188  8:49  Roach x2  
  188  8:51  Roach  
  192  8:58  Roach  
  192  8:59  Roach  
  192  9:00  Roach x2  
  181  9:03  Roach  
  181  9:07  Roach  
  181  9:09  Roach x2  
  172  9:10  Queen  
  172  9:14  Roach  
  172  9:15  Roach  
  149  9:17  Roach  
  149  9:20  Roach  
  149  9:23  Roach x2  
  141  9:27  Roach x2  
  141  9:29  Roach  
  126  9:31  Roach  
  126  9:33  Roach x4  
  126  9:34  Roach  
  124  9:38  Roach x2  
  124  9:42  Roach  
  124  9:45  Roach  
  126  9:46  Roach  
  126  9:48  Ravager x4  
Show
View Real Time Build Order
Export as new Build Order

LiquidElazer Zerg - Winner!

Build Orders: Hatch First, Zergling Baneling 

Get SALT Encoding   

  12  0:00  Drone  
  13  0:12  Overlord  
  13  0:17  Drone  
  14  0:30  Drone x2  
  16  0:47  Hatchery  
  15  0:51  Drone  
  15  0:55  Drone  
  17  0:57  Drone  
  18  1:09  Extractor  
  17  1:13  Spawning Pool  
  17  1:16  Drone  
  17  1:19  Drone  
  18  1:29  Drone  
  19  1:39  Drone  
  20  1:49  Drone  
  21  1:59  Queen  
  21  2:00  Zergling x2, Queen  
  26  2:02  Overlord  
  26  2:08  Metabolic Boost  
  26  2:10  Drone x2  
  28  2:21  Zergling x2  
  28  2:22  Drone  
  30  2:32  Hatchery  
  30  2:35  Drone  
  30  2:38  Drone  
  30  2:43  Drone  
  32  2:45  Drone  
  33  2:53  Baneling Nest, Overlord  
  33  2:54  Drone  
  33  3:05  Drone  
  34  3:06  Drone  
  34  3:07  Drone  
  34  3:08  Overlord  
  34  3:12  Zergling x4  
  38  3:14  Zergling x2  
  38  3:18  Queen  
  41  3:21  Drone  
  41  3:23  Drone  
  41  3:25  Drone  
  43  3:28  Drone  
  43  3:29  Drone  
  45  3:42  Drone x5, Overlord  
  45  3:45  Drone x2  
  45  3:47  Drone  
  53  3:52  Baneling x4  
  53  3:53  Zergling x4  
  55  3:57  Extractor  
  55  4:01  Zergling x2, Roach Warren  
  54  4:05  Zergling x4  
  53  4:13  Zergling x4  
  51  4:21  Zergling x14  
  57  4:24  Queen  
  57  4:25  Overlord  
  61  4:31  Drone x4  
  61  4:35  Drone, Overlord  
  62  4:40  Baneling  
  62  4:41  Baneling  
  62  4:44  Zergling x4  
  64  4:47  Zergling x8  
  68  4:56  Baneling x2  
  68  4:57  Overlord  
  68  4:59  Lair  
  67  5:03  Drone x4  
  71  5:08  Drone x2  
  71  5:09  Drone x2  
  75  5:14  Drone  
  75  5:18  Overlord  
  75  5:20  Drone x2  
  77  5:27  Roach x2  
  79  5:32  Roach  
  79  5:33  Roach x4  
  79  5:35  Queen  
  87  5:37  Overlord  
  89  5:46  Roach x4  
  89  5:49  Overlord  
  97  5:51  Extractor  
  97  5:52  Extractor  
  97  5:53  Roach x2  
  97  5:56  Overlord  
  97  6:02  Roach, Overlord  
  97  6:03  Drone  
  100  6:10  Drone, Extractor  
  100  6:11  Extractor  
  100  6:16  Drone x5  
  104  6:20  Drone x3  
  104  6:25  Overlord  
  107  6:26  Spire  
  107  6:27  Drone  
  107  6:31  Drone  
  108  6:37  Drone x2  
  108  6:39  Overlord  
  109  6:46  Glial Reconstitution, Overlord  
  109  6:47  Drone x6  
  109  6:52  Overlord  
  109  6:53  Drone x2  
  115  6:54  Hatchery  
  114  7:05  Roach x5  
  124  7:13  Roach x5  
  134  7:18  Overlord  
  134  7:20  Roach x2  
  138  7:32  Overlord x2  
  138  7:37  Mutalisk x6  
  149  7:49  Roach x6  
  161  7:53  Overlord x2  
  161  8:04  Roach x4  
  169  8:12  Roach x4  
  177  8:19  Overlord  
  176  8:22  Roach x7  
  190  8:32  Overlord  
  190  8:36  Ravager x3  
  190  8:38  Ravager  
  190  8:39  Ravager x3  
  175  9:07  Roach x8  
  179  9:14  Roach x9  
  173  9:21  Roach x7  
  175  9:29  Roach x8  
  175  9:39  Roach x4  
  183  9:46  Overlord x3  
  183  9:51  Spore Crawler  
Tags
 
Add a new tag
Caveats
  • Supply blocks, unpowered buildings, or Contaminate may cause inaccurate times.
  • Supply counts are checked every 10 seconds.